 Dungeon Crawl Stone Soup version 0.17-a0-1475-g9f81d98 (webtiles) character file.

81 hexophile the Magician (level 4, -6/54 HPs)
             Began as a Naga Wizard on July 3, 2015.
             Mangled by a gnoll
             ... wielding a +0 spear
              (10 damage)
             ... on level 2 of the Dungeon.
             The game lasted 00:04:04 (3181 turns).

hexophile the Magician (Naga Wizard)                Turns: 3181, Time: 00:04:04

Health: -6/54      AC:  2    Str: 14    XL:     4   Next: 42%
Magic:  8/9        EV: 10    Int: 22    God:
Gold:   44         SH:  0    Dex:  9    Spells: 4 memorised, 0 levels left

rFire  . . .     SeeInvis +     k - +2 dagger (venom)
rCold  . . .     Rnd*Rage +     a - +0 robe
rNeg   . . .     SustAt   .     (no shield)
rPois  +         Gourm    .     b - +0 hat
rElec  .         Spirit   .     (no cloak)
rCorr  .         Warding  .     (no gloves)
rMut   .         Stasis   .     (no barding)
MR     .....                    (no amulet)
Stlth  ..........               (no ring)
                                (no ring)

@: berserking (expiring), quick, not resistant to hostile enchantments,
extremely unstealthy
A: camouflage 1, see invisible, berserk 1, clever 1, deformed body, poison
resistance, slowness 2, slow metabolism 1, spit poison 2, AC +1
a: Spit Poison


You were on level 2 of the Dungeon.
You were not hungry.

You visited 1 branch of the dungeon, and saw 2 of its levels.

You collected 44 gold pieces.

Inventory:

Hand weapons
 g - a +2 dagger of draining
 k - a +2 dagger of venom (weapon)
Missiles
 j - 23 poisoned needles
Armour
 a - a +0 robe (worn)
 b - a +0 hat (worn)
Scrolls
 e - 3 scrolls of identify
 i - a scroll of recharging {unknown}
 n - a scroll of fog {unknown}
Potions
 h - 2 potions of curing
Books
 c - a book of Minor Magic

   Spells                             Type                      Level
   a - Magic Dart                     Conjuration                  1
   b - Blink                          Translocation                2
   c - Call Imp                       Summoning                    2
   d - Repel Missiles                 Charms/Air                   2
   e - Slow                           Hexes                        2
   f - Conjure Flame                  Conjuration/Fire             3
   g - Mephitic Cloud                 Conjuration/Poison/Air       3
Comestibles
 d - 2 bread rations
 f - a meat ration
 m - a fruit


   Skills:
 + Level 2.3 Dodging
 - Level 3.0 Stealth
 * Level 3.4 Spellcasting
 * Level 2.8 Conjurations
   Level 1.0 Summonings
 - Level 1.0 Translocations
 + Level 0.2 Fire Magic
 + Level 0.2 Air Magic


You couldn't memorise any spells.
You knew the following spells:

 Your Spells              Type           Power        Failure   Level  Hunger
a - Magic Dart            Conj           ###.         4%          1    None
b - Blink                 Tloc           N/A          14%         2    ##.....
c - Conjure Flame         Conj/Fire      ##......     21%         3    ###....
d - Mephitic Cloud        Conj/Pois/Air  #.......     28%         3    ###....


Dungeon Overview and Level Annotations

Branches:
Dungeon (2/15)

Altars:
Gozag


Innate Abilities, Weirdness & Mutations

You cannot wear boots.
Your serpentine skin is tough (AC +1).
You have supernaturally acute eyesight.
Armour fits poorly on your strangely shaped body.
Your system is resistant to poisons.
You cover ground very slowly.
You have a slow metabolism.
You can spit poison.
Your skin changes colour to match your surroundings (Stealth).
You tend to lose your temper in combat.
Your mind is acute. (Int +2)


Message History

The gnoll is almost dead.
The gnoll closely misses you.
You closely miss the gnoll.
The gnoll is almost dead.
The gnoll hits you from afar with a halberd!
You puncture the gnoll!
You kill the gnoll!
A gnoll comes into view. It is wielding a spear.
The gnoll shouts!
The gnoll hits you but does no damage.
The gnoll throws a throwing net.
The throwing net hits you.
You become entangled in the net!
Things that are here:
a throwing net; a club You tear a large gash into the net.
You feel a strong urge to attack something.
The gnoll hits you with a halberd!!
* * * LOW HITPOINT WARNING * * *
You shred the net and break free!
The gnoll hits you from afar with a spear!
You die...

..g# ##.....## ##
#..# ####...##
##g.......#'##
...#####.#.####
#..##.........#
#(.##.##.#.##.#######
#.g#.#.#....#........
#..g###......########
##.g@#......##
####.####.## ### ###


You could see 3 gnolls.

Vanquished Creatures
  A gnoll (D:2)
  2 adders (D:2)
  2 oozes (D:1)
  2 worms (D:2)
  A giant gecko (D:2)
  3 bats
  4 hobgoblins
  4 jackals (D:2)
  4 giant cockroaches
  2 giant newts (D:1)
  6 goblins
  4 kobolds
  A quokka (D:1)
  6 rats (D:1)
42 creatures vanquished.

Notes
Turn   | Place    | Note
--------------------------------------------------------------
     0 | D:1      | hexophile the Naga Wizard began the quest for the Orb.
     0 | D:1      | Reached XP level 1. HP: 15/15 MP: 4/4
   499 | D:1      | Reached XP level 2. HP: 22/22 MP: 1/6
   536 | D:1      | HP: 1/22 [poisoned by a kobold]
  1656 | D:1      | Reached XP level 3. HP: 21/28 MP: 7/7
  1863 | D:1      | Gained mutation: Your skin changes colour to match your surroundings (Stealth). [potion of mutation]
  1863 | D:1      | Gained mutation: Your mind is acute. (Int +2) [potion of mutation]
  1863 | D:1      | Gained mutation: You tend to lose your temper in combat. [potion of mutation]
  2027 | D:2      | Learned a level 2 spell: Blink
  2031 | D:2      | Learned a level 3 spell: Conjure Flame
  2790 | D:2      | Found an opulent altar of Gozag.
  2817 | D:2      | Reached XP level 4. HP: 30/36 MP: 9/9
  2822 | D:2      | Learned a level 3 spell: Mephitic Cloud
  3181 | D:2      | Mangled by a gnoll

Vault maps used:
D:1:      sevenhm_arrival_forest_fort_large_3, glass_columns_c
D:2:      grunt_gozag_statues

Action                   |  1- 3 |  4- 6 || total
-------------------------+-------+-------++-------
Melee: Unarmed           |    16 |       ||    16
       Dagger            |    32 |    25 ||    57
 Cast: Magic Dart        |    69 |     6 ||    75
 Abil: Spit Poison       |     7 |       ||     7
  Use: Potion            |     3 |       ||     3
       Scroll            |     2 |       ||     2
 Stab: Sleeping          |     3 |       ||     3
  Eat: Chunk             |     4 |     1 ||     5
